 Dungeon Crawl Stone Soup version 0.21.1-1-g345015fe64 (webtiles) character file.

859 Ikesh the Archer (level 7, -4/58 HPs)
             Began as a Centaur Hunter on Mar 4, 2018.
             Was a Follower of the Shining One.
             Killed from afar by an orc (21 damage)
             ... with a wand of acid (9)
             ... on level 4 of the Dungeon.
             The game lasted 00:29:14 (4499 turns).

Ikesh the Archer (Centaur Hunter)                   Turns: 4499, Time: 00:29:16

Health: -4/58      AC: 14    Str: 15    XL:     7   Next: 71%
Magic:  7/7        EV:  2    Int: 10    God:    the Shining One [*.....]
Gold:   103        SH:  7    Dex: 11    Spells: 6/6 levels left

rFire    + . .     SeeInvis .   r - +1 flail (protect)
rCold    . . .     Gourm    .   k - +0 shield
rNeg     . . .     Faith    .   v - +0 chain mail
rPois    .         Spirit   .   (no helmet)
rElec    .         Reflect  .   (no cloak)
rCorr    .         Harm     .   (no gloves)
MR       .....                  (no barding)
Stlth    ..........             (no amulet)
HPRegen  0.19/turn              p - ring of protection from fire
MPRegen  0.10/turn              (no ring)

@: protection aura, glowing, very quick
A: large, hooves 3, deformed body, speed 2, tough skin 3
a: Renounce Religion


You were on level 4 of the Dungeon.
You worshipped the Shining One.
The Shining One was aware of your devotion.
You were not hungry.

You visited 1 branch of the dungeon, and saw 4 of its levels.

You collected 103 gold pieces.

Inventory:

Hand Weapons
 a - a +1 shortbow
 r - a +1 flail of protection (weapon)
Missiles
 b - 13 tomahawks (quivered)
 d - 22 arrows
 j - 25 poisoned needles
Armour
 k - a +0 shield (worn)
 o - a cursed +0 cloak
 v - a +0 chain mail (worn)
Jewellery
 p - a ring of protection from fire (left hand)
Scrolls
 c - a scroll of enchant armour {unknown}
 e - a scroll of magic mapping
 i - a scroll of fear
 n - a scroll of amnesia
 q - a scroll of teleportation
Potions
 g - 2 potions of brilliance
 l - 3 potions of lignification {unknown}
 m - a potion of agility
 s - a potion of resistance
 u - 2 potions of degeneration {unknown}
 w - a potion of ambrosia {unknown}
Comestibles
 f - 6 rations
 h - 2 chunks of flesh


   Skills:
 + Level 3.7 Fighting
 + Level 3.4 Maces & Flails
 + Level 9.1 Bows
 + Level 1.3 Throwing
 + Level 1.6 Armour
 + Level 2.1 Dodging
 + Level 0.9 Stealth
 + Level 0.6 Shields


You had 6 spell levels left.
You didn't know any spells.

Dungeon Overview and Level Annotations

Branches:
Dungeon (4/15)
 Temple: D:4-7

Altars:
Cheibriados
Dithmenos
The Shining One


Innate Abilities, Weirdness & Mutations

You have hooves in place of feet.
Armour fits poorly on your strangely shaped body.
You cover ground very quickly.
You have extremely tough skin. (AC +3)


Message History

The orc priest casts a cantrip, but nothing happens.
An orc comes into view. It is wielding a dagger.
Things that are here:
a leather armour; a +0 flail of protection
There is a stone staircase leading up here.
You hit the orc priest.
Your weapon exudes an aura of protection.
The orc priest is moderately wounded.
The orc priest hits you but does no damage.
You hit the orc priest. You kick the orc priest.
The orc priest is almost dead.
The orc priest hits you.
You sock the orc priest!
You kill the orc priest!
The Shining One accepts your kill.
The orc zaps a wand.
The bolt of acid hits you!
You are splashed with acid!
The acid burns!
* * * LOW HITPOINT WARNING * * *
It is a wand of acid (9).
The orc zaps a wand.
The bolt of acid hits you!
You die...

#..#..............#.#..........
#..#.###########.##.#..........
#..#.# #.......[.....#######.
#..#.# #.######[#.##.#######. #
#..#.#####.#...........#.....#.
#.#.......##.#.####..#.###.....#.
................o........)>....).
#.##.#######.#.#.###.###.#.....##
# ##.##........#@..#..##.#.#####
#..##.####...#.#.#..##.#.#
#รท###.# #...#.#.#...#.#.# #.#
#.####...#.#.#.#.#.#.#
#.###...[......#.......#.#
.#..<#.)####.####.####.##.##
#.#####..# #.........#.....# #..
#....# ######....##....# #.#
#.##.# #...............#


You could see an orc.

Vanquished Creatures
  The ghost of DobroLive the Skirmisher, an amateur OgFi of Trog (D:3)
  The ghost of DobroLive the Charmwright, an amateur HuSk of the Shining One (D:4)
  A howler monkey (D:4)
  4 orc priests
  2 hounds (D:4)
  Crazy Yiuf (D:2)
  A centaur skeleton (D:4)
  An orc wizard (D:4)
  Jessica (D:2)
  A gnoll (D:1)
  5 adders
  An ooze (D:1)
  2 worms (D:2)
  2 leopard geckos (D:4)
  21 orcs
  A ball python (D:4)
  7 bats
  2 giant cockroaches
  8 hobgoblins
  2 jackals (D:4)
  2 quokkas
  6 frilled lizards
  6 goblins
  6 kobolds
  2 leopard gecko skeletons (D:4)
  3 rats (D:1)
90 creatures vanquished.

Notes
Turn   | Place    | Note
-------+----------+-------------------------------------------
     0 | D:1      | Ikesh the Centaur Hunter began the quest for the Orb.
     0 | D:1      | Reached XP level 1. HP: 17/17 MP: 1/1
   426 | D:1      | Reached XP level 2. HP: 24/24 MP: 2/2
   581 | D:1      | Reached skill level 6 in Bows
   814 | D:1      | Reached XP level 3. HP: 29/29 MP: 3/3
  1355 | D:2      | Noticed Jessica
  1359 | D:2      | Killed Jessica
  1359 | D:2      | Reached XP level 4. HP: 37/37 MP: 4/4
  1407 | D:2      | Found a snail-covered altar of Cheibriados.
  1676 | D:2      | Reached skill level 7 in Bows
  1842 | D:2      | Found a glowing golden altar of the Shining One.
  1849 | D:2      | Became a worshipper of the Shining One
  1885 | D:3      | Found a shadowy altar of Dithmenos.
  1898 | D:3      | Found a glowing golden altar of the Shining One.
  2271 | D:3      | Noticed DobroLive's ghost (amateur OgFi)
  2345 | D:3      | Killed DobroLive's ghost
  2345 | D:3      | Reached skill level 8 in Bows
  2345 | D:3      | Reached XP level 5. HP: 35/45 MP: 5/5
  2345 | D:3      | Reached XP level 6. HP: 39/51 MP: 6/6
  2923 | D:4      | Reached skill level 1 in Maces & Flails
  2969 | D:4      | Reached skill level 9 in Bows
  2970 | D:4      | Reached skill level 1 in Armour
  3265 | D:4      | Noticed DobroLive's ghost (amateur HuSk)
  3287 | D:4      | Killed DobroLive's ghost
  3287 | D:4      | Reached skill level 1 in Throwing
  3287 | D:4      | Reached XP level 7. HP: 43/57 MP: 7/7
  3825 | D:2      | Found a runed door.
  3830 | D:2      | Noticed Crazy Yiuf
  3840 | D:2      | Killed Crazy Yiuf
  4468 | D:4      | Reached * piety under the Shining One
  4499 | D:4      | Killed from afar by an orc

Skill      XL: |  1  2  3  4  5  6  7 |
---------------+----------------------+-----
Bows           | 6 8 9 |  9.1
Fighting       | 3 |  3.7
Maces & Flails | 2 3 |  3.4
Armour         | 1 |  1.6
Throwing       | 1 |  1.3
Dodging        | 2 |  2.1
Stealth        | |  0.9
Shields        | |  0.6

Action                   |  1- 3 |  4- 6 |  7- 9 || total
-------------------------+-------+-------+-------++-------
Melee: Short sword       |    17 |       |       ||    17
       Kick              |     3 |    21 |    14 ||    38
       Club              |       |     8 |       ||     8
       Mace              |       |    66 |       ||    66
       Flail             |       |    19 |    64 ||    83
 Fire: Shortbow          |    70 |    88 |       ||   158
Throw: Tomahawk          |       |    12 |     9 ||    21
  Use: Potion            |       |     2 |     1 ||     3
       Scroll            |       |     9 |       ||     9
  Eat: Chunk             |       |     5 |     1 ||     6
       Ration            |       |       |     1 ||     1
Armor: Leather armour    |    17 |    38 |       ||    55
       Chain mail        |       |    10 |    34 ||    44
Dodge: Dodged            |    26 |    51 |     3 ||    80
Block: Shield            |       |    24 |    16 ||    40
